 Dungeon Crawl Stone Soup version 0.16-a0-787-g31dbbe7 (webtiles) character file.

242 Kashira the Chiller (level 5, 21/21 HPs)
             Began as a Felid Ice Elementalist on Sept 27, 2014.
             Quit the game on Level 4 of the Dungeon.
             The game lasted 00:13:48 (5301 turns).

Kashira the Chiller (Felid Ice Elementalist)        Turns: 5301, Time: 00:13:48

HP  21/21        AC  2     Str  6      XL: 5   Next: 82%
MP  14/14        EV 18     Int 17      God:
Gold 200         SH  0     Dex 16      Spells:  4 memorised,  1 level left
Lives: 0, deaths: 1

rFire  . . .     SeeInvis +     (weapon unavailable)
rCold  . . .     Clarity  .     (armour unavailable)
rNeg   . . .     rCorr    .     (shield unavailable)
rPois  .         rRot     .     (helmet unavailable)
rElec  .         Spirit   .     (cloak unavailable)
SustAb .         Warding  .     (gloves unavailable)
rMut   .         Stasis   .     (boots unavailable)
Gourm  .                        (no amulet)
MR     .....                    (no ring)
                                (no ring)

@: quick, not resistant to hostile enchantments, fairly stealthy
A: paw claws, no armour, no weapons or thrown items, fangs 3, see invisible,
carnivore 3, speed 1, shaggy fur 2, slow metabolism 1, jump 2
a: Jump Attack


You were on level 4 of the Dungeon.
You were not hungry.

You visited 1 branch of the dungeon, and saw 4 of its levels.

You collected 200 gold pieces.

Inventory:

Comestibles
 c - 2 meat rations
Scrolls
 e - a scroll of identify {unknown}
 g - a scroll of magic mapping {unknown}
 h - 3 scrolls of remove curse {unknown}
 j - 4 scrolls of enchant weapon {unknown}
 l - a scroll of blinking {unknown}
 n - a scroll of fog {unknown}
Jewellery
 k - a cursed ring of teleportation {unknown}
 m - an uncursed ring of stealth {unknown}
Potions
 a - 2 potions of invisibility {unknown}
 d - a potion of restore abilities {unknown}
 f - a potion of curing {unknown}
 i - a potion of lignification {unknown}
Books
 b - a book of Frost

   Spells                             Type                      Level
   *Freeze                            Ice                          1
   *Throw Frost                       Conjuration/Ice              2
   *Ozocubu's Armour                  Charms/Ice                   3
   Throw Icicle                       Conjuration/Ice              4
   Summon Ice Beast                   Ice/Summoning                4
   *Condensation Shield               Ice                          4


   Skills:
 - Level 3.1 Dodging
 - Level 3.0 Stealth
 * Level 3.5 Spellcasting
 + Level 1.7 Conjurations
 + Level 0.2 Charms
 + Level 6.0 Ice Magic


You had one spell level left.
You knew the following spells:

 Your Spells              Type           Power        Failure   Level  Hunger
a - Freeze                Ice            ###.         1%          1    None
b - Throw Frost           Conj/Ice       ###...       6%          2    ##.....
c - Ozocubu's Armour      Chrm/Ice       ##......     14%         3    ###....
d - Condensation Shield   Ice            ###.......   17%         4    ####...


Dungeon Overview and Level Annotations

Branches:
Dungeon (4/15)             Temple (0/1) D:4

Altars:
The Shining One


Innate Abilities, Weirdness & Mutations

You cannot wear armour.
You are incapable of wielding weapons or throwing items.
Your paws have sharp claws.
You have razor-sharp teeth.
You have supernaturally acute eyesight.
You are carnivorous and can eat meat at any time.
You cover ground quickly.
You are covered in thick fur (AC +2).
You have a slow metabolism.
You can jump attack at a medium distance.


Message History

The puff of frost hits the giant newt.
You kill the giant newt!
Casting: Throw Frost
Confirm with . or Enter, or press ? or * to list all spells.
Okay, then.
A hungry ghost comes into view.
You see here a bat corpse.
A hungry ghost is nearby!
You scratch the ogre zombie. The ogre zombie misses you.
The ogre zombie hits you!
Ouch! That really hurt!
There is a stone staircase leading up, spattered with blood here.
The ogre zombie hits you!
You stop ascending the stairs.
You die...
You are now level 5!
You rejoin the land of the living...
Found two items.
Found a staircase to the Ecumenical Temple. 4 orcs and an orc wizard come into view.
Are you sure you want to abandon this character and quit the game? (Confirm with "yes".)

. .#
#####.##
.......
#..?..
#....#
#....#
#....#≈#....
#..@..≈.[...
#.o...≈.....
#..o..≈...>
###..o≈....
#o..≈.... ..
##o#≈#.. ...
.#≈≈≈ ....
.### ..... .


You could see an orc wizard (sleeping) and 4 orcs.

Vanquished Creatures
  3 big kobolds (D:3)
  A scorpion (D:4)
  4 adders (D:2)
  4 gnolls (D:3)
  2 giant mites
  2 worms (D:3)
  An orc (D:3)
  13 hobgoblins
  4 jackals (D:2)
  42 kobolds
  3 quokkas (D:3)
  A ball python (D:3)
  5 bats
  6 giant cockroaches
  3 giant geckos
  8 giant newts
  6 goblins
  9 rats
117 creatures vanquished.

Vanquished Creatures (others)
  4 toadstools (D:1)
4 creatures vanquished.

Grand Total: 121 creatures vanquished

Notes
Turn   | Place    | Note
--------------------------------------------------------------
     0 | D:1      | Kashira, the Felid Ice Elementalist, began the quest for the Orb.
     0 | D:1      | Reached XP level 1. HP: 7/7 MP: 4/4
    85 | D:1      | Reached skill level 3 in Ice Magic
   321 | D:1      | Reached XP level 2. HP: 11/11 MP: 3/5
   325 | D:1      | Learned a level 2 spell: Throw Frost
  1175 | D:2      | Reached XP level 3. HP: 11/14 MP: 4/8
  1215 | D:2      | Learned a level 3 spell: Ozocubu's Armour
  1854 | D:2      | Reached XP level 4. HP: 18/18 MP: 4/12
  2619 | D:3      | Found a glowing golden altar of the Shining One.
  3162 | D:3      | Reached skill level 1 in Conjurations
  3431 | D:3      | Reached XP level 5. HP: 12/21 MP: 0/14
  3536 | D:3      | Learned a level 4 spell: Condensation Shield
  3698 | D:3      | Reached skill level 4 in Ice Magic
  3950 | D:3      | Noticed a big kobold
  4060 | D:3      | Killed a big kobold
  4366 | D:3      | Noticed a big kobold
  4367 | D:3      | Noticed a big kobold
  4417 | D:3      | Killed a big kobold
  4417 | D:3      | Reached skill level 5 in Ice Magic
  4417 | D:3      | Gained mutation: You are covered in thick fur (AC +2). [growing up]
  4417 | D:3      | Gained mutation: You can jump attack at a medium distance. [growing up]
  4417 | D:3      | Reached XP level 6. HP: 14/24 MP: 3/17
  4694 | D:3      | Killed a big kobold
  5099 | D:4      | Reached skill level 6 in Ice Magic
  5282 | D:4      | Noticed a hungry ghost
  5300 | D:4      | Slain by an ogre zombie
  5301 | D:4      | Reached XP level 5. HP: 0/21 MP: 8/14
  5301 | D:4      | Found a staircase to the Ecumenical Temple.
  5301 | D:4      | Quit the game

Action                   |  1- 3 |  4- 6 || total
-------------------------+-------+-------++-------
Melee: Unarmed           |     7 |    15 ||    22
 Cast: Freeze            |    52 |    80 ||   132
       Throw Frost       |    20 |    82 ||   102
       Ozocubu's Armour  |       |     2 ||     2
 Abil: Jump Attack       |     4 |     3 ||     7
  Eat: Chunk             |     9 |    12 ||    21
       Meat ration       |     1 |       ||     1
